 Dungeon Sprint DCSS version 0.26-a0-1012-gedcf9b2963 (webtiles) character file.

Game seed: 13282002329981578374

95 Conn the Firebug (level 4, -1/27 HPs)
             Began as an Octopode Fire Elementalist on Dec 7, 2020.
             Succumbed to a worker ant's poison
             ... in the Dungeon (Sprint II: "The Violet Keep of Menkaure").
             The game lasted 00:01:19 (38 turns).

Conn the Firebug (Octopode Fire Elementalist)         Turns: 38, Time: 00:01:20

Health: -1/27      AC:  1    Str:  7    XL:     4   Next: 65%
Magic:  2/9        EV: 14    Int: 18    God:
Gold:   243        SH:  0    Dex: 12    Spells: 8/9 levels left

rFire    . . .     SeeInvis .     - Unarmed
rCold    . . .     Faith    .   (no shield)
rNeg     . . .     Spirit   .   (helmet restricted)
rPois    .         Reflect  .   (no amulet)
rElec    .         Harm     .   (no ring)
rCorr    .         Rampage  .   (no ring)
Will     .....     NoTele   +   (no ring)
Stlth    +++.......             (no ring)
HPRegen  0.09/turn              (no ring)
MPRegen  0.11/turn              (no ring)
                                (no ring)
                                (no ring)

@: lethally poisoned (-1 -> -17), berserk cooldown, slowed, very slow
A: almost no armour, stealthy swim, amphibious, 8 rings, constrict 8, camouflage
1, gelatinous body 1
a: no special abilities


You were in the Dungeon.
You visited 1 branch You collected 243 gold pieces.

Inventory:

Scrolls
 g - a scroll of blinking
Potions
 e - 2 potions of magic


   Skills:
 + Level 0.6 Fighting
 + Level 3.1 Dodging
 - Level 2.6 Stealth
 + Level 1.0 Unarmed Combat
 + Level 3.4 Spellcasting
 * Level 3.1 Conjurations
 * Level 7.5 Fire Magic


You had 8 spell levels left.
You knew the following spells:

 Your Spells              Type           Power        Failure   Level
a - Foxfire               Conj/Fire      ###.         1%          1

Your spell library contained the following spells:

 Spells                   Type           Power        Failure   Level
 Conjure Flame            Conj/Fire      ###.....     5%          3
 Inner Flame              Hex/Fire       ###.....     10%         3
 Sticky Flame             Conj/Fire      ###.....     17%         4
 Fireball                 Conj/Fire      ###.......   43%         5


Dungeon Overview and Level Annotations

Branches:
Dungeon (1/1)

Altars:


Innate Abilities, Weirdness & Mutations

You cannot wear most types of armour.
You are very stealthy in the water. (Stealth+)
You are amphibious.
You can wear up to eight rings at the same time.
You can use your tentacles to constrict eight enemies at once.
Your skin changes colour to match your surroundings (Stealth+).
Your rubbery body absorbs attacks. (AC +1, EV +1)


Message History

Your Conjurations skill increases to level 3!
* * * LOW HITPOINT WARNING * * *
You feel sick.
There is an open door here.
You see here a worker ant corpse.
* * * LOW HITPOINT WARNING * * *
You feel sick.
Things that are here:
243 gold pieces; a worker ant corpse You now have 243 gold pieces.
* * * LOW HITPOINT WARNING * * *
You feel sick.
There is a lethal amount of poison in your body!
Okay, then.
You feel yourself slow down.
* * * LOW HITPOINT WARNING * * *
You feel sick.
There is an open door here.
You see here a worker ant corpse.
You die...

## #+#
.##
##.###..#
+.<@††#
##.###..#
#+# .##
##


There were no monsters in sight!

Vanquished Creatures
  4 worker ants (D)
4 creatures vanquished.

Vanquished Creatures (others)
  3 foxfires (D)
3 creatures vanquished.

Grand Total: 7 creatures vanquished

Notes
Turn   | Place    | Note
-------+----------+-------------------------------------------
     0 | D        | Conn the Octopode Fire Elementalist began the quest for the
                  | Orb.
     0 | D        | Reached XP level 1. HP: 11/11 MP: 3/3
     2 | D        | Noticed a worker ant
     2 | D        | Noticed a worker ant
     8 | D        | Noticed a worker ant
    16 | D        | Killed a worker ant
    17 | D        | Reached skill level 5 in Fire Magic
    17 | D        | Reached XP level 2. HP: 16/17 MP: 0/5
    20 | D        | Reached skill level 6 in Fire Magic
    20 | D        | Reached XP level 3. HP: 16/21 MP: 0/7
    22 | D        | Reached skill level 7 in Fire Magic
    22 | D        | Reached XP level 4. HP: 15/27 MP: 0/8
    34 | D        | Reached skill level 1 in Unarmed Combat
    37 | D        | HP: 1/27 [poisoned by a worker ant]
    38 | D        | Succumbed to a worker ant's poison

Illustrated notes

Levels and vault maps discovered:
D:        the_violet_keep_of_menkaure [sprint2_stairs_cluster_1,
          sprint2_shoproom, sprint2_temple, sprint2_basic_supplies,
          sprint2_obstacle_5, sprint2_obstacle_1, sprint2_obstacle_6,
          sprint2_obstacle_2, sprint2_obstacle_4, sprint2_timed_cluster_1,
          sprint2_smallroom_cluster_1, sprint2_smallroom_final_cluster_1,
          sprint2_transparent_cluster_1, sprint2_second_timed_cluster_1,
          sprint2_sniper_area_1, sprint2_heavy_combat_area_1,
          sprint2_mutation_trap_area_1, sprint2_forest_area_1,
          sprint2_light_combat_area_1, sprint2_behind_water_1,
          sprint2_near_end_vault_1]

Skill      XL: |  1  2  3  4 |
---------------+-------------+-----
Conjurations   | 2 3 |  3.1
Fire Magic     | 5 6 7 |  7.5
Spellcasting   | 3 |  3.4
Dodging        | 3 |  3.1
Unarmed Combat | 1 |  1.0
Fighting       | |  0.6
Stealth        | |  2.6

Action                   |  1- 3 |  4- 6 || total
-------------------------+-------+-------++-------
Melee: Unarmed           |    10 |     9 ||    19
       Tentacles         |     3 |     2 ||     5
       Constrict         |     3 |     1 ||     4
       Punch             |       |     1 ||     1
 Cast: Foxfire           |     2 |       ||     2
  Use: Potion            |     2 |     2 ||     4
Dodge: Dodged            |     2 |     6 ||     8

Table legend: (Time is in decaauts)
 A = Elapsed time spent in this place.
 B = Non-inter-level travel time spent in this place.
 C = Inter-level travel time spent in this place.
 D = Time resting spent in this place.
 E = Time spent auto-exploring this place.
 F = Levels seen in this place.
 G = Mean time per level.
                   A        B        C        D        E       F      G
               +--------+--------+--------+--------+--------+-----+--------+
         Total |     30 |     30 |      0 |      0 |      0 |   1 |   30.0 |
       Dungeon |     30 |     30 |      0 |      0 |      0 |   1 |   30.0 |
               +--------+--------+--------+--------+--------+-----+--------+

Top non-repeatable levels by time:
       D: 30 daAuts
